 Dungeon Crawl Stone Soup version 0.29-a0-857-g9b1aa3ac5b (webtiles) character file.

Game seed: 4709665174489125330

36549 concernfroge the Fighter (level 13, -9/112 HPs)
             Began as a Mummy Monk on July 16, 2022.
             Was an Initiate of Gozag.
             Mangled by a 14-headed hydra (12 damage)
             ... on level 4 of the Lair of Beasts.
             The game lasted 01:08:40 (24641 turns).

concernfroge the Fighter (Mummy Monk)              Turns: 24641, Time: 01:08:41

Health: -9/112     AC: 27    Str: 18    XL:     13   Next: 53%
Magic:  13/13      EV:  7    Int: 10    God:    Gozag
Gold:   1176       SH:  5    Dex: 21    Spells: 12/12 levels left

rFire   . . .      SeeInvis +   j - +7 bardiche (venom)
rCold   + . .      Faith    .   (shield currently unavailable)
rNeg    + + +      Spirit   .   c - +4 plate armour
rPois   ∞          Reflect  +   h - +0 helmet {SInv}
rElec   .          Harm     .   w - +0 cloak
rCorr   +          Rampage  .   n - +1 pair of gloves
Will    ++...                   B - +1 pair of boots
Stlth   ..........              m - amulet of reflection
HPRegen 0.28/turn               i - ring of Iludacye {rF+ rN+ Will+ rCorr}
MPRegen 0.13/turn               b - +6 ring of dexterity

@: no status effects
A: cold resistance 1, negative energy resistance 3, torment resistance 2, heat
vulnerability 1, in touch with death 2, no potions
a: Renounce Religion, Potion Petition, Call Merchant, Bribe Branch


You were on level 4 of the Lair of Beasts.
You worshipped Gozag.
Gozag was most pleased with you.
You visited 3 branches of the dungeon, and saw 17 of its levels.

You collected 4017 gold pieces.
You paid 2841 gold pieces to Gozag.

Inventory:

Hand Weapons
 j - a +7 bardiche of venom (weapon)
Missiles
 k - 162 stones (quivered)
Armour
 c - a +4 plate armour (worn)
 h - a +0 helmet of see invisible (worn)
 n - a +1 pair of gloves (worn)
 w - a +0 cloak (worn)
 B - a +1 pair of boots (worn)
Jewellery
 b - a +6 ring of dexterity (right hand)
 e - a +4 ring of evasion
 f - a ring of see invisible
 i - the ring of Iludacye (left hand) {rF+ rN+ Will+ rCorr}
   (You acquired it on level 6 of the Dungeon)

   [ring of willpower]

   rF:        It protects you from fire.
   rN:        It protects you from negative energy.
   rCorr:     It protects you from acid and corrosion.
   Will:      It increases your willpower.
 m - an amulet of reflection (around neck)
 q - a ring of protection from cold
 y - a +4 ring of protection
Wands
 l - a wand of mindburst (8)
 o - a wand of roots (2)
 r - a wand of charming (4)
 u - a wand of flame (29)
 A - a wand of light (8)
Scrolls
 a - 5 scrolls of fog
 d - 3 scrolls of vulnerability
 g - 2 scrolls of magic mapping
 p - 4 scrolls of identify
 s - 2 scrolls of noise
 v - 2 scrolls of teleportation
 x - 4 scrolls of brand weapon
 z - a scroll of acquirement
 C - a scroll of blinking
Miscellaneous
 t - a tin of tremorstones (1/2)


   Skills:
 + Level 13.9 Fighting
 + Level 11.9 Polearms
 + Level 11.6 Armour
 - Level 2.4 Dodging
 - Level 1.5 Stealth


You had 12 spell levels left.
You didn't know any spells.
Your spell library contained the following spells:

 Spells                   Type           Power      Damage    Failure   Level
 Sting                    Tmut/Pois      0%         1d3       100%        1
 Summon Small Mammal      Summ           0%         N/A       100%        1
 Blink                    Tloc           0%         N/A       100%        2
 Ensorcelled Hibernation  Hex/Ice        0%         N/A       100%        2
 Poisonous Vapours        Pois/Air       0%         N/A       100%        2
 Call Canine Familiar     Summ           0%         N/A       100%        3
 Lesser Beckoning         Tloc           0%         N/A       100%        3
 Summon Guardian Golem    Hex/Summ       0%         N/A       100%        3
 Tukima's Dance           Hex            0%         N/A       100%        3
 Anguish                  Hex/Necr       0%         N/A       100%        4
 Dispel Undead            Necr           0%         3d6       100%        4
 Olgreb's Toxic Radiance  Pois           0%         N/A       100%        4
 Passage of Golubria      Tloc           0%         N/A       100%        4
 Manifold Assault         Tloc           0%         N/A       100%        5
 Yara's Violent Unravell  Hex/Tmut       0%         3d3       100%        5
 Death Channel            Necr           0%         N/A       100%        6
 Spider Form              Tmut/Pois      Unusable   N/A       N/A         3
 Corpse Rot               Necr/Pois/Air  Unusable   N/A       N/A         4

Dungeon Overview and Level Annotations

Branches:
Dungeon (11/15)            Temple (1/1) D:5            Lair (5/6) D:11
 Spider (0/4) Lair:2          Orc (0/2) D:9
  Swamp: Lair:2-4    Shoals: Lair:2-4     Slime: Lair:5-6

Altars:
Ashenzari
Cheibriados
Dithmenos
Fedhas
Gozag
Hepliaklqana
Kikubaaqudgha
Makhleb
Nemelex Xobeh
Okawaru
Qazlal
Ru
Sif Muna
Trog
Uskayaw
Vehumet
Wu Jian
Xom
Yredelemnul

Shops:
D:3 :

Annotations:
D:9 3 runed translucent doors, jfcaron's ghost, journeyman TrHu
D:11 2 transporters


Innate Abilities, Weirdness & Mutations

You are immune to poison.
Your flesh is cold resistant. (rC+)
You are immune to negative energy. (rN+++)
You are immune to unholy pain and torment.
You are vulnerable to heat. (rF-)
You are strongly in touch with the powers of death.
You do not drink.


Message History

The 11-headed hydra grows two more!
You slash the 13-headed hydra!
The 13-headed hydra is severely wounded.
The 13-headed hydra bites you! The 13-headed hydra bites you.
The 13-headed hydra bites you but does no damage.
The 13-headed hydra closely misses you. The 13-headed hydra bites you! x2
* * * LOW HITPOINT WARNING * * *
The 13-headed hydra bites you but does no damage. x3
You block the 13-headed hydra's attack.
The 13-headed hydra bites you but does no damage.
The 13-headed hydra closely misses you.
The 13-headed hydra bites you but does no damage.
You hack one of the 13-headed hydra's heads off!
The 12-headed hydra grows two more!
You slice the 14-headed hydra!!
The 14-headed hydra is severely wounded.
The 14-headed hydra bites you but does no damage.
The 14-headed hydra bites you.
* * * LOW HITPOINT WARNING * * *
The 14-headed hydra bites you but does no damage. x2
The 14-headed hydra bites you!
* * * LOW HITPOINT WARNING * * *
The 14-headed hydra bites you but does no damage. x2
The 14-headed hydra bites you.
* * * LOW HITPOINT WARNING * * *
The 14-headed hydra closely misses you. You block the 14-headed hydra's attack.
The 14-headed hydra barely misses you. The 14-headed hydra closely misses you.
The 14-headed hydra bites you but does no damage.
The 14-headed hydra bites you.
* * * LOW HITPOINT WARNING * * *
The 14-headed hydra bites you but does no damage.
The 14-headed hydra bites you.
* * * LOW HITPOINT WARNING * * *
The 14-headed hydra bites you but does no damage. x2
The 14-headed hydra closely misses you. You block the 14-headed hydra's attack.
The 14-headed hydra barely misses you. x2
The 14-headed hydra bites you but does no damage.
The 14-headed hydra barely misses you.
The 14-headed hydra bites you but does no damage. x2
The 14-headed hydra bites you!
You die...
Your body crumbles into a pile of gold.

###'####.........###...)...
##.....####......##......... ##
###.......###...######........
.###...##.#...##...###...........
).P#..#........#....#............
.................................
.###..#.[.......#................
.##..##.⌠.⌠..#..#........##......
..#..#.........D@.......###......
..'......>......+......#.##....##
..#..#..........#.......#####.###
.##.....⌠.⌠..#..#.........# #####
.#.#........#..###.......### #..
...#...........##.#........# ##.
PP..#..#......####........P### #.
.P..#..##..#..####.P.......#.###.
##PP##.......###............#.#P.


You could see a 14-headed hydra (very poisoned).

Vanquished Creatures
  Fannar (Lair:2)
  A catoblepas (Lair:4)
  2 centaur warriors (D:10)
  2 hydras
  An ogre mage (D:10)
  A two-headed ogre (D:9)
  A tengu warrior (D:10)
  3 death yaks (Lair:4)
  Amaemon (D:8)
  A fire crab (Lair:4)
  An orc knight (D:10)
  3 lindwurms (Lair:1)
  Pikel (D:4)
  3 oklob plants
  A cyclops (D:9)
  A black mamba (shapeshifter) (D:11)
  3 black mambas
  Maggie (D:10)
  An orange demon (D:8)
  A torpor snail (Lair:4)
  Joseph (D:8)
  7 cane toads
  6 komodo dragons
  2 unseen horrors
  3 trolls (D:11)
  A polar bear (Lair:2)
  Prince Ribbit (D:8)
  2 slime creatures (D:10)
  9 blink frogs (Lair:4)
  10 dream sheep (Lair:4)
  A shadow (D:9)
  A vampire (D:9)
  A wraith (D:9)
  A yak (shapeshifter) (D:10)
  A wyvern (Lair:2)
  4 basilisks
  28 yaks
  Menkaure (D:7)
  6 water moccasins
  An acid dragon (D:11)
  2 ice beasts (D:5)
  9 orc warriors
  A sky beast (D:7)
  A black bear (D:7)
  A boggart (D:10)
  8 wolves
  2 ogres (D:6)
  3 centaurs
  2 phantoms
  6 kobold brigands
  10 bullfrogs
  5 necrophages
  3 gnoll sergeants
  4 scorpions
  7 wights (D:8)
  15 killer bees
  6 howler monkeys
  5 electric eels
  8 hounds
  7 orc priests
  4 jellies
  4 iguanas
  10 orc wizards
  6 hell rats (Lair:3)
  19 gnolls
  8 adders
  2 shadow imps
  6 white imps
  An ufetubus (D:6)
  An adder skeleton (D:3)
  An adder zombie (D:3)
  2 worms
  5 dart slugs
  50 orcs
  7 endoplasms
  A giant cockroach (D:4)
  3 goblins (D:2)
  10 hobgoblins
  2 jackals (D:2)
  30 kobolds
  2 quokkas
  9 ball pythons
  2 bats
  4 frilled lizards (D:1)
  A jackal skeleton (D:3)
  5 rats
417 creatures vanquished.

Vanquished Creatures (others)
  10 fungi
  41 plants
51 creatures vanquished.

Grand Total: 468 creatures vanquished

Notes
Turn   | Place    | Note
-------+----------+-------------------------------------------
     0 | D:1      | concernfroge the Mummy Monk began the quest for the Orb.
     0 | D:1      | Reached XP level 1. HP: 18/18 MP: 1/1
   609 | D:1      | Reached XP level 2. HP: 24/24 MP: 2/2
   710 | D:1      | Found a faded altar of an unknown god.
   711 | D:1      | Noticed a great orb of eyes
   716 | D:1      | Noticed a floating eye
   720 | D:1      | Noticed a floating eye
   720 | D:1      | Noticed a golden eye
  1268 | D:2      | Reached skill level 1 in Armour
  1575 | D:2      | Gained mutation: You are in touch with the powers of death.
                  | [Mummy growth]
  1575 | D:2      | Reached XP level 3. HP: 29/29 MP: 3/3
  2284 | D:2      | Found a sparkling altar of Nemelex Xobeh.
  2575 | D:3      | Reached XP level 4. HP: 36/37 MP: 4/4
  2715 | D:3      | Found a radiant altar of Vehumet.
  2715 | D:3      | Found an ornate altar of the Wu Jian Council.
  2716 | D:3      | Found a burning altar of Makhleb.
  2726 | D:3      | Found a shimmering blue altar of Sif Muna.
  2979 | D:3      | Found Veung's Book Shoppe.
  3156 | D:4      | Noticed a lemure
  3498 | D:4      | Noticed a scorpion
  3660 | D:4      | Reached skill level 4 in Fighting
  3760 | D:4      | Found an opulent altar of Gozag.
  3777 | D:4      | Became a worshipper of Gozag Ym Sagoz the Greedy
  3805 | D:4      | Noticed Pikel
  3808 | D:4      | Noticed a lemure
  3808 | D:4      | Noticed a lemure
  3808 | D:4      | Noticed a lemure
  3808 | D:4      | Noticed a scorpion
  3813 | D:4      | Killed a scorpion
  3813 | D:4      | Killed Pikel
  3814 | D:4      | Reached skill level 5 in Fighting
  3814 | D:4      | Reached XP level 5. HP: 24/44 MP: 5/5
  3814 | D:4      | Reached XP level 6. HP: 28/51 MP: 6/6
  3814 | D:4      | Reached XP level 7. HP: 30/56 MP: 7/7
  5342 | D:5      | Entered Level 5 of the Dungeon
  5435 | D:5      | Reached skill level 6 in Fighting
  5435 | D:5      | Reached skill level 5 in Polearms
  5604 | D:5      | Reached XP level 8. HP: 19/64 MP: 8/8
  6109 | D:5      | Found a staircase to the Ecumenical Temple.
  6121 | D:5      | Identified the +3 robe of Tenacity {rF+ Str+7 Dex-4
                  | Archmagi}
  6129 | Temple   | Entered the Ecumenical Temple
  7580 | D:5      | Reached skill level 5 in Armour
  7992 | D:5      | Reached skill level 7 in Fighting
  8185 | D:5      | Found a sacrificial altar of Ru.
  8917 | D:5      | Identified a scroll of acquirement
  8918 | D:5      | Acquired a +1 bardiche of venom
  9009 | D:6      | Reached XP level 9. HP: 29/72 MP: 9/9
 10129 | D:6      | Found a broken altar of Ashenzari.
 10214 | D:6      | Acquired the ring of Iludacye {rF+ rN+ Will+ rCorr}
 10469 | D:7      | Reached skill level 8 in Fighting
 10643 | D:7      | Found a hazy altar of Hepliaklqana.
 11005 | D:7      | Noticed Menkaure
 11010 | D:7      | Killed Menkaure
 11170 | D:7      | Noticed an angel
 11938 | D:8      | Noticed Prince Ribbit
 11948 | D:8      | Killed Prince Ribbit
 11949 | D:8      | Reached XP level 10. HP: 58/82 MP: 10/10
 12188 | D:8      | Noticed Amaemon
 12188 | D:8      | Noticed an orange demon
 12287 | D:9      | Found a stormy altar of Qazlal.
 12291 | D:9      | Reached skill level 9 in Fighting
 12835 | D:9      | Noticed a two-headed ogre
 12846 | D:9      | Noticed a cyclops
 13015 | D:10     | Entered Level 10 of the Dungeon
 13029 | D:10     | Noticed Maggie
 13880 | D:10     | Killed Maggie
 14016 | D:10     | Found a hide-covered altar of Uskayaw.
 14384 | D:10     | Noticed a tengu warrior
 14384 | D:10     | Noticed an ogre mage
 14402 | D:10     | Killed a tengu warrior
 14403 | D:10     | Reached skill level 10 in Fighting
 14413 | D:10     | Killed an ogre mage
 14558 | D:10     | Noticed a centaur warrior
 14562 | D:10     | Reached XP level 11. HP: 88/92 MP: 11/11
 14567 | D:10     | Killed a centaur warrior
 14584 | D:10     | Noticed an orc knight
 14590 | D:10     | Noticed a centaur warrior
 14870 | D:10     | Killed an orc knight
 15133 | D:10     | Killed a centaur warrior
 15404 | D:9      | Killed a two-headed ogre
 15715 | D:9      | Reached skill level 11 in Fighting
 15919 | D:9      | Found a staircase to the Orcish Mines.
 15953 | D:9      | Found a runed translucent gate.
 15953 | D:9      | Found a runed translucent gate.
 15953 | D:9      | Found a runed translucent gate.
 15957 | D:9      | Noticed jfcaron's ghost (journeyman TrHu)
 16566 | D:9      | Found a blossoming altar of Fedhas.
 16588 | D:9      | Noticed an oklob plant
 16631 | D:9      | Killed an oklob plant
 17252 | D:8      | Noticed Joseph
 17255 | D:8      | Killed Amaemon
 17262 | D:8      | Killed Joseph
 17458 | D:11     | Noticed an orc high priest
 17458 | D:11     | Noticed an orc high priest
 17458 | D:11     | Found a transporter.
 17483 | D:11     | Found a transporter.
 18148 | D:11     | Found a staircase to the Lair.
 18155 | D:11     | Reached skill level 10 in Polearms
 18217 | D:11     | Noticed an orc high priest
 18249 | D:11     | Reached XP level 12. HP: 90/102 MP: 12/12
 18965 | Lair:1   | Entered Level 1 of the Lair of Beasts
 19077 | Lair:1   | Reached skill level 12 in Fighting
 19369 | Lair:1   | Reached skill level 10 in Armour
 19609 | Lair:1   | Noticed a six-headed hydra
 19619 | Lair:1   | Killed a ten-headed hydra
 20701 | Lair:2   | Found a hole to the Spider Nest.
 20755 | Lair:2   | Noticed Fannar
 20767 | Lair:2   | Killed Fannar
 21461 | Lair:3   | Reached skill level 13 in Fighting
 22345 | Lair:3   | Noticed a seven-headed hydra
 22345 | Lair:3   | Noticed a five-headed hydra
 22466 | Lair:4   | Gained mutation: You are strongly in touch with the powers
                  | of death. [Mummy growth]
 22466 | Lair:4   | Reached XP level 13. HP: 111/111 MP: 13/13
 23386 | Lair:4   | You fall into a shaft and drop 1 floor!
 23718 | Lair:4   | Identified the +6 long sword of the Glowing Enemy {spect,
                  | rN+}
 24641 | Lair:4   | HP: 3/112 [14-headed hydra (5)]
 24641 | Lair:4   | Mangled by a 14-headed hydra

Illustrated notes

Levels and vault maps discovered:
D:1:      minmay_arrival_five_plusses, layout_basic,
          hellmonk_ecumenical_altar_watching_god
D:2:      layout_basic, basic_altar, minmay_pentomino_x4
D:3:      layout_loops_cross, nicolae_overflow_quartered_altars, serial_undead,
          serial_undead_a, serial_undead_f, serial_undead_c, serial_undead_b,
          serial_shops, shop, nicolae_eternal_life, nrook_campfire
D:4:      cheibrodos_barr_body, layout_basic, mainiacjoe_overflow_brackets,
          uniq_pikel
D:5:      minmay_thinvault, layout_cave_pods, nicolae_ru_path_of_blood,
          minmay_temple_entry_tees
D:6:      layout_gridville, lemuel_crystal_altar
D:7:      layout_loops_ring, mainiacjoe_overflow_alcove_4, zin_angel,
          minmay_misc_feat_tower, uniq_menkaure
D:8:      layout_basic, uniq_amaemon, uniq_prince_ribbit1, uniq_joseph
D:9:      cheibrodos_two_vegetables, layout_cross, amcnicky_altar_gilded,
          tgw_fedhas, david_orc_4, ebering_ghost_rock_garden
D:10:     minmay_shrinking_squares, layout_loops_ring,
          mainiacjoe_overflow_alcove_1, uniq_maggie
D:11:     gammafunk_wand_slinger, layout_irregular_city, erik_lair_island,
          minmay_holes, tso_oasis_becter
Temple:   hellmonk_temple_rainy
Lair:1:   layout_chaotic_city, serial_bayou_pond_b,
          chequers_serial_rivers_micro_a, nicolae_lair_lindhole,
          lemuel_fruit_fields, grunt_megastairs_3, infiniplex_staircase_pool
Lair:2:   layout_roguey, dummy_spider_entry, serial_bayou_lagoon_a, uniq_fannar
Lair:3:   layout_long_grid, palyth_hydra_swamp_entry
Lair:4:   layout_cave_pods, dpeg_oklob_1, grunt_megastairs_2
Lair:5:   layout_long_grid, minmay_slime_entry_pillars, serial_bayou_shore_b,
          serial_bayou_shore_a

Skill      XL: |  1  2  3  4  5  6  7  8  9 10 11 12 13 |
---------------+----------------------------------------+-----
Armour         | 1 3 4 5 6 8 9 10 11 | 11.6
Polearms       | 3 4 5 6 7 8 10 11 | 11.9
Fighting       | 5 6 7 8 10 11 13 | 13.9
Dodging        | |  2.4
Stealth        | |  1.5

Action                   |  1- 3 |  4- 6 |  7- 9 | 10-12 | 13-15 || total
-------------------------+-------+-------+-------+-------+-------++-------
Melee: Spear             |   170 |    73 |   602 |       |       ||   845
       Punch             |     2 |     2 |    11 |       |       ||    15
       Bardiche          |       |       |   158 |   593 |   142 ||   893
Throw: Stone             |       |     4 |     1 |     3 |       ||     8
Invok: Potion Petition   |       |       |     1 |     6 |     2 ||     9
Evoke: Wand              |       |       |     1 |     1 |     7 ||     9
       Tin of tremorston |       |       |       |       |     1 ||     1
  Use: Scroll            |     1 |     8 |    16 |    15 |       ||    40
 Stab: Sleeping          |     3 |       |     2 |       |       ||     5
       Distracted        |       |       |     4 |     6 |     2 ||    12
Armor: Robe              |    14 |       |       |       |       ||    14
       Ring mail         |    11 |    16 |    61 |       |       ||    88
       Chain mail        |       |       |   140 |   153 |       ||   293
       Plate armour      |       |       |       |   241 |   147 ||   388
Dodge: Dodged            |    62 |    33 |   227 |   256 |    75 ||   653
Block: Other             |       |     4 |   112 |   194 |    43 ||   353
       Reflection        |       |       |     5 |     6 |     1 ||    12

Table legend: (Time is in decaauts)
 A = Elapsed time spent in this place.
 B = Non-inter-level travel time spent in this place.
 C = Inter-level travel time spent in this place.
 D = Time resting spent in this place.
 E = Time spent auto-exploring this place.
 F = Levels seen in this place.
 G = Mean time per level.
                   A        B        C        D        E       F      G
               +--------+--------+--------+--------+--------+-----+--------+
         Total |  24973 |  23796 |   1177 |   4879 |  15386 |  17 | 1469.0 |
       Dungeon |  19147 |  18205 |    942 |   3954 |  11494 |  11 | 1740.6 |
        Temple |     27 |     13 |     14 |      0 |      9 |   1 |   27.0 |
          Lair |   5798 |   5577 |    221 |    925 |   3883 |   5 | 1159.6 |
               +--------+--------+--------+--------+--------+-----+--------+

Top non-repeatable levels by time:
     D:9: 3006 daAuts
     D:4: 2649 daAuts
     D:5: 2620 daAuts
  Lair:4: 2222 daAuts
    D:10: 2081 daAuts
    D:11: 1554 daAuts
     D:6: 1481 daAuts
  Lair:3: 1390 daAuts
     D:2: 1336 daAuts
     D:1: 1235 daAuts
     D:8: 1200 daAuts
  Lair:1: 1183 daAuts
     D:3: 1006 daAuts
  Lair:2: 992 daAuts
     D:7: 975 daAuts
